 Dungeon Crawl Stone Soup version 0.29-a0-886-gfb1a3fa8b1 (webtiles) character file.

Game seed: 79747500622178005

351 RepoMan the Vexing (level 6, -5/33 HPs)
             Began as a Deep Elf Arcane Marksman on July 21, 2022.
             Slain by a wraith (10 damage)
             ... on level 5 of the Dungeon.
             The game lasted 00:39:05 (5535 turns).

RepoMan the Vexing (Deep Elf Arcane Marksman)       Turns: 5535, Time: 00:39:06

Health: -5/33      AC:  2    Str: 13    XL:     6   Next: 34%
Magic:  8/13       EV: 13    Int: 18    God:
Gold:   70         SH:  0    Dex: 17    Spells: 1/12 levels left

rFire   . . .      SeeInvis +   v - +0 dagger (venom)
rCold   . . .      Faith    .   (no shield)
rNeg    . . .      Spirit   .   e - +0 robe
rPois   .          Reflect  .   d - +0 hat
rElec   .          Harm     .   (no cloak)
rCorr   .          Rampage  .   (no gloves)
Will    .....                   (no boots)
Stlth   ++........              (no amulet)
HPRegen 0.11/turn               l - ring of see invisible
MPRegen 0.13/turn               o - +6 ring of strength

@: confusing by touch, weak-willed
A: no striking features
a: no special abilities


You were on level 5 of the Dungeon.
You visited 1 branch of the dungeon, and saw 5 of its levels.

You collected 180 gold pieces.
You spent 110 gold pieces at shops.

Inventory:

Hand Weapons
 c - a +2 short sword of freezing
 v - a +0 dagger of venom (weapon)
 y - a +0 sling
Armour
 d - a +0 hat (worn)
 e - a +0 robe (worn)
 g - a +2 ring mail of fire resistance
Jewellery
 l - a ring of see invisible (left hand)
 o - a +6 ring of strength (right hand)
Wands
 a - a wand of roots (7)
Scrolls
 f - a scroll of immolation {unknown}
 k - a scroll of summoning {unknown}
 q - a scroll of identify
Potions
 i - a potion of brilliance
 j - a potion of invisibility {unknown}
 m - 3 potions of magic
 n - a potion of cancellation {unknown}


   Skills:
 - Level 0.8 Fighting
 * Level 1.4 Short Blades
 + Level 4.6 Ranged Weapons
 - Level 2.4 Dodging
 - Level 3.0 Stealth
 + Level 3.8 Spellcasting
 * Level 6.6 Hexes


You had one spell level left.
You knew the following spells:

 Your Spells              Type           Power      Damage    Failure   Level
d - Tukima's Dance        Hex            27%        N/A       3%          3
f - Cause Fear            Hex            13%        N/A       10%         4
t - Confusing Touch       Hex            27%        N/A       3%          3
w - Slow                  Hex            100%       N/A       1%          1

Your spell library contained the following spells:

 Spells                   Type           Power      Damage    Failure   Level
 Summon Small Mammal      Summ           12%        N/A       16%         1
 Ensorcelled Hibernation  Hex/Ice        30%        N/A       6%          2
 Inner Flame              Hex/Fire       15%        N/A       12%         3
 Portal Projectile        Hex/Tloc       30%        N/A       12%         3
 Summon Guardian Golem    Hex/Summ       15%        N/A       12%         3
 Passwall                 Tmut/Erth      2%         N/A       22%         2
 Call Canine Familiar     Summ           3%         N/A       41%         3
 Swiftness                Air            3%         N/A       41%         3
 Vampiric Draining        Necr           3%         2d6       41%         3
 Blade Hands              Tmut           1%         N/A       99%         5


Dungeon Overview and Level Annotations

Branches:
Dungeon (5/15)
 Temple: D:4-7

Altars:

Shops:
D:2 ?   D:4 ?

Annotations:
D:1 exclusion: downstairs
D:2 exclusion: downstairs
D:3 3 runed translucent doors, Grinder; Locuples's ghost, weakling DEVM
D:4 Edmund; Ijyb
D:5 2 transporters, Heedrag's ghost, amateur DsCj


Message History

The ufetubus is lightly wounded.
The wraith seems less confused.
The ufetubus closely misses you. x2
Casting: Confusing Touch (dangerous; 3% risk of failure)
Confirm with . or Enter, or press ? or * to list all spells.
Aiming: Slow (safe; 1% risk of failure)
Press: ? - help, Shift-Dir - straight line, f - wraith
Aim: a wraith (lightly damaged, chance to affect: 29%)
Okay, then.
As you read the scroll of teleportation, it crumbles to dust.
You feel strangely unstable.
The ufetubus barely misses the wraith.
The ufetubus hits the wraith but does no damage.
The wraith misses you.
You feel better.
The ufetubus closely misses itself.
The ufetubus hits itself.
The wraith hits you!
* * * LOW HITPOINT WARNING * * *
The wraith drains your vigour!
You feel yourself slow down. The wraith attacks as you move away!
The wraith barely misses you.
Your surroundings suddenly seem different.
You feel a bit more experienced.
Found a coppery potion.
Aiming: Fastroot
Press: ? - help, Shift-Dir - straight line
Okay, then.
Aiming: Fastroot
Press: ? - help, Shift-Dir - straight line, f - wraith
Aim: a wraith The roots erupt in riotous growth!
The wraith is unaffected.
Okay, then.
Really read the scroll of vulnerability?
As you read the scroll of vulnerability, it crumbles to dust.
Magic quickly surges around you.
You feel yourself speed up. The wraith hits you.
* * * LOW HITPOINT WARNING * * *
Unknown command.
Casting: Slow (safe; 1% risk of failure)
Confirm with . or Enter, or press ? or * to list all spells.
Your hands begin to glow red.
The wraith hits you!
You die...

# .. . #. . ..
.##. ... # ...
.... #.#.# .....
#.#.##.!....
#...@........
###W##......
#.##...#.. #
#........# .#
#..##.#.?##.##
#..##........
#.........#
#.........#
#..##.##W.####.#


You could see a wraith (weak-willed).

Vanquished Creatures
  3 iguanas
  An orc wizard (D:3)
  Terence (D:3)
  2 gnolls
  8 adders
  A shadow imp (D:5)
  2 ufetubi (D:5)
  2 worms
  3 dart slugs
  9 orcs
  6 endoplasms
  3 giant cockroaches
  5 hobgoblins
  7 jackals
  9 kobolds
  6 quokkas
  8 ball pythons
  4 bats
  3 frilled lizards
  6 goblins
  5 rats
94 creatures vanquished.

Vanquished Creatures (others)
  3 dancing weapons (D:4)
  61 plants (D:3)
64 creatures vanquished.

Grand Total: 158 creatures vanquished

Notes
Turn   | Place    | Note
-------+----------+-------------------------------------------
     0 | D:1      | RepoMan the Deep Elf Arcane Marksman began the quest for
                  | the Orb.
     0 | D:1      | Reached XP level 1. HP: 11/11 MP: 5/5
   226 | D:1      | Reached XP level 2. HP: 16/16 MP: 4/6
   563 | D:1      | Reached skill level 1 in Stealth
   748 | D:1      | Found a faded altar of an unknown god.
   823 | D:1      | Reached XP level 3. HP: 16/20 MP: 5/8
  1401 | D:2      | Reached skill level 5 in Hexes
  1452 | D:2      | Found Qiqamor's Magic Scroll Boutique.
  1459 | D:2      | Bought a scroll of identify for 26 gold pieces
  1789 | D:2      | Reached XP level 4. HP: 21/24 MP: 7/10
  2156 | D:3      | Found a runed translucent gate.
  2157 | D:3      | Found a runed translucent gate.
  2159 | D:3      | Found a runed translucent gate.
  2162 | D:3      | Noticed Locuples's ghost (weakling DEVM)
  2518 | D:3      | Noticed Terence
  2585 | D:3      | Killed Terence
  2709 | D:3      | Reached XP level 5. HP: 28/28 MP: 11/11
  2719 | D:3      | Learned a level 3 spell: Tukima's Dance
  3182 | D:3      | Reached skill level 6 in Hexes
  3187 | D:3      | Learned a level 4 spell: Cause Fear
  3211 | D:3      | Noticed Grinder
  3488 | D:4      | Noticed Ijyb
  3905 | D:4      | Found Kuxkitat's Magic Scroll Emporium.
  3916 | D:4      | Bought a scroll of teleportation for 42 gold pieces
  3916 | D:4      | Bought a scroll of noise for 14 gold pieces
  3916 | D:4      | Bought a scroll of identify for 28 gold pieces
  3982 | D:4      | Noticed Edmund
  4017 | D:5      | Entered Level 5 of the Dungeon
  4132 | D:5      | Noticed an ogre
  4145 | D:5      | Found a transporter.
  4147 | D:5      | Noticed Heedrag's ghost (amateur DsCj)
  4160 | D:5      | Found a transporter.
  4185 | D:5      | Reached XP level 6. HP: 33/33 MP: 13/13
  4195 | D:5      | Learned a level 3 spell: Confusing Touch
  4734 | D:4      | Reached skill level 1 in Short Blades
  5502 | D:5      | Noticed a wraith
  5535 | D:5      | Slain by a wraith

Illustrated notes

Levels and vault maps discovered:
D:1:      sevenhm_arrival_forest_fort_large_4, layout_basic,
          dreamdust_ecumenical_altar_grove, glass_columns_a
D:2:      layout_basic, serial_shops, shop
D:3:      layout_basic, gammafunk_ghost_necromancy, serial_bayou,
          serial_bayou_ford_a, serial_bayou_shore_a, serial_bayou_shore_b,
          serial_bayou_lagoon_a, uniq_grinder, uniq_terence
D:4:      minmay_chambers_of_fours, layout_basic, serial_shops, shop, uniq_ijyb,
          uniq_edmund
D:5:      layout_loops_cross, gammafunk_ghost_stat_death

Skill      XL: |  1  2  3  4  5  6 |
---------------+-------------------+-----
Ranged Weapons | 3 4 |  4.6
Spellcasting   | 2 3 |  3.8
Stealth        | 1 2 3 |  3.0
Hexes          | 5 6 |  6.6
Short Blades   | 1 |  1.4
Fighting       | |  0.8
Dodging        | |  2.4

Action                   |  1- 3 |  4- 6 || total
-------------------------+-------+-------++-------
Melee: Dagger            |    26 |    38 ||    64
       Short sword       |       |    27 ||    27
 Fire: Sling             |   139 |   261 ||   400
 Cast: Slow              |    35 |    66 ||   101
       Tukima's Dance    |       |     4 ||     4
       Confusing Touch   |       |     6 ||     6
Evoke: Wand              |       |     1 ||     1
  Use: Potion            |     1 |     4 ||     5
       Scroll            |       |     6 ||     6
 Stab: Confused          |       |     2 ||     2
Armor: Robe              |    16 |    17 ||    33
Dodge: Dodged            |    47 |   107 ||   154

Table legend: (Time is in decaauts)
 A = Elapsed time spent in this place.
 B = Non-inter-level travel time spent in this place.
 C = Inter-level travel time spent in this place.
 D = Time resting spent in this place.
 E = Time spent auto-exploring this place.
 F = Levels seen in this place.
 G = Mean time per level.
                   A        B        C        D        E       F      G
               +--------+--------+--------+--------+--------+-----+--------+
         Total |   5630 |   5460 |    170 |   1343 |   1921 |   5 | 1126.0 |
       Dungeon |   5630 |   5460 |    170 |   1343 |   1921 |   5 | 1126.0 |
               +--------+--------+--------+--------+--------+-----+--------+

Top non-repeatable levels by time:
     D:2: 1438 daAuts
     D:4: 1382 daAuts
     D:1: 1130 daAuts
     D:3: 911 daAuts
     D:5: 767 daAuts
